 Dungeon Crawl Stone Soup version 0.28-a0-750-g7c675f85b1 (console) character file.

Game seed: 15544161121502526872

2 petzl the Vexing (level 1, 0/13 HPs)
             Began as an Octopode Arcane Marksman on Oct 29, 2021.
             Succumbed to an adder's poison
             ... on level 2 of the Dungeon.
             The game lasted 00:00:48 (55 turns).

petzl the Vexing (Octopode Arcane Marksman)           Turns: 55, Time: 00:00:49

Health: 0/13       AC:  1    Str:  9    XL:     1   Next: 40%
Magic:  2/2        EV: 13    Int: 15    God:
Gold:   7          SH:  0    Dex: 12    Spells: 1/2 levels left

rFire   . . .      SeeInvis .   a - +0 hand crossbow
rCold   . . .      Faith    .   (no shield)
rNeg    . . .      Spirit   .   (helmet restricted)
rPois   .          Reflect  .   (no amulet)
rElec   .          Harm     .   (no ring)
rCorr   .          Rampage  .   (no ring)
Will    .....                   (no ring)
Stlth   ++........              (no ring)
HPRegen 0.04/turn               (no ring)
MPRegen 0.08/turn               (no ring)
                                (no ring)
                                (no ring)

@: lethally poisoned (0 -> -5)
A: almost no armour, amphibious, 8 rings, camouflage 1, gelatinous body 1,
(nimble swimmer 1), tentacles
a: no special abilities


You were on level 2 of the Dungeon.
You visited 1 branch of the dungeon, and saw 2 of its levels.

You collected 7 gold pieces.

Inventory:

Hand Weapons
 a - a +0 hand crossbow (weapon)
 b - a +0 hand axe {!f =f}
Missiles
 c - 11 bolts (quivered ammo)


   Skills:
 + Level 1.0 Fighting
 + Level 2.0 Crossbows
 + Level 2.0 Dodging
 + Level 0.3 Stealth
 * Level 1.1 Spellcasting
 + Level 3.0 Hexes


You had one spell level left.
You knew the following spells:

 Your Spells              Type           Power      Damage    Failure   Level
a - Slow                  Hex            36%        N/A       7%          1

Your spell library contained the following spells:

 Spells                   Type           Power      Damage    Failure   Level
 Sandblast                Erth           0%         2d4       24%         1
 Passwall                 Tmut/Erth      0%         N/A       36%         2
 Inner Flame              Hex/Fire       5%         N/A       36%         3
 Portal Projectile        Hex/Tloc       10%        N/A       36%         3
 Cause Fear               Hex            4%         N/A       56%         4
 Stone Arrow              Conj/Erth      0%         3d7       58%         3


Dungeon Overview and Level Annotations

Branches:
Dungeon (1/15)

Altars:


Innate Abilities, Weirdness & Mutations

You cannot wear most types of armour.
You are amphibious.
You can wear up to eight rings at the same time.
Your skin changes colour to match your surroundings (Stealth+).
Your rubbery body absorbs attacks. (AC +1, EV +1)
((You are camouflaged near water. (Stealth+)))
You have tentacles for arms and can constrict up to eight enemies at once.


Message History

Aim: an adder (44% to hit)
You shoot a bolt. The bolt misses the adder.
A goblin comes into view. It is wielding a +0 dagger.
Fire: 15 bolts
Press: ? - help, Q - select action, (/) - cycle Shift-Dir - straight line, f/p - adder
Aim: an adder (44% to hit)
You shoot a bolt. The bolt closely misses the adder.
The goblin shouts!
Fire: 14 bolts
Press: ? - help, Q - select action, (/) - cycle Shift-Dir - straight line, f/p - adder
Aim: an adder (44% to hit)
You shoot a bolt. The bolt closely misses the adder.
The adder bites you. x2
You are lethally poisoned!
The adder poisons you!
Casting: Slow (safe; 7% risk of failure)
Confirm with . or Enter, or press ? or * to list all spells.
Okay, then.
Fire: 13 bolts
Press: ? - help, Shift-Dir - straight line, f/p - adder
Aim: an adder (44% to hit)
Unknown command.
Unknown command.
Unknown command.
Unknown command.
You aren't carrying any potions.
Fire: 13 bolts
Press: ? - help, Q - select action, (/) - cycle Shift-Dir - straight line, f/p - adder
Aim: an adder (44% to hit)
You shoot a bolt. The bolt closely misses the adder.
You feel sick.
A quokka comes into view.
The adder bites you.
* * * LOW HITPOINT WARNING * * *
The adder misses you.
Fire: 12 bolts
Press: ? - help, Q - select action, (/) - cycle Shift-Dir - straight line, f/p - adder
Aim: an adder (44% to hit)
You shoot a bolt. The bolt closely misses the adder.
You die...

......# ......#
##.....# .
#####......# ....
#...#......####
(.(.##.............#
....(..............#
....g.S@.........>.#
(r...#.#...........#
..##.#.............#
.....#.............#
...#...............#
..........#.#####.##
.....#..........# #
...###..........# ..
#..#.......#
#....#.#####
..#.#.#...
...#.........
.....#..........
.....#.......... #..
..$........


You could see an adder, a quokka and a goblin.

Vanquished Creatures
  A hobgoblin (D:1)
  A ball python (D:1)
  A bat (D:2)
3 creatures vanquished.

Notes
Turn   | Place    | Note
-------+----------+-------------------------------------------
     0 | D:1      | petzl the Octopode Arcane Marksman began the quest for the
                  | Orb.
     0 | D:1      | Reached XP level 1. HP: 13/13 MP: 2/2
    27 | D:1      | You fall into a shaft and drop 1 floor!
    55 | D:2      | Succumbed to an adder's poison

Illustrated notes

Levels and vault maps discovered:
D:1:      minmay_arrival_doors, layout_basic, minmay_distorted
D:2:      layout_basic

Action                   || total
-------------------------++-------
 Fire: Hand crossbow     ||    10
Dodge: Dodged            ||     1

Table legend: (Time is in decaauts)
 A = Elapsed time spent in this place.
 B = Non-inter-level travel time spent in this place.
 C = Inter-level travel time spent in this place.
 D = Time resting spent in this place.
 E = Time spent auto-exploring this place.
 F = Levels seen in this place.
 G = Mean time per level.
                   A        B        C        D        E       F      G
               +--------+--------+--------+--------+--------+-----+--------+
         Total |     58 |     58 |      0 |      0 |     20 |   2 |   29.0 |
       Dungeon |     58 |     58 |      0 |      0 |     20 |   2 |   29.0 |
               +--------+--------+--------+--------+--------+-----+--------+

Top non-repeatable levels by time:
     D:2: 30 daAuts
     D:1: 28 daAuts
